 Dungeon Crawl Stone Soup version 0.30-a0-612-g150a0467c1 (webtiles) character file.

Game seed: 5601552375251040833

2494340 MackTheKnife the Acrobat (level 26, 189/189 HPs)
             Began as a Tengu Wanderer on Jan 7, 2023.
             Was a Follower of Uskayaw.
             Escaped with the Orb
             ... and 4 runes on Jan 8, 2023!
             The game lasted 02:48:16 (60459 turns).

MackTheKnife the Acrobat (Tengu Wanderer)          Turns: 60459, Time: 02:48:16

Health: 189/189    AC: 23    Str:  7    XL:     26   Next: 58%
Magic:  52/52      EV: 48    Int:  3    God:    Uskayaw [*.....]
Gold:   1722       SH: 35    Dex: 37    Spells: 23/25 levels left

rFire   . . .      SeeInvis +    a - +6 quick blade (elec) {shortrare=g}
rCold   + + .      Faith    .    E - +6 tower shield "Qenev" {MP+9 Dex+2}
rNeg    + + +      Spirit   +    x - +7 faerie dragon scales {Rampage rCorr HP+5 Int-2 Dex+4}
rPois   +          Reflect  .    L - +2 hat {Will+}
rElec   .          Harm     .    C - +2 cloak {Will+}
rCorr   +          Rampage  +    t - +0 pair of gloves of the Wasteland {rC++ rN+++ Str-4 Int-5}
Will    +++++                    (boots unavailable)
Stlth   ++                       R - amulet "Bump" {Spirit rPois Will++}
HPRegen 0.51/turn                p - ring "Cigyal" {rF+ Dex+3}
MPRegen 0.33/turn                N - ring "Nycelif" {rPois rN++ MP+9 Int-4 SInv}

@: flying quickly and evasively, quick
A: beak, talons 3, nimble flight, agile 1, poison resistance, wild magic 1, heat
vulnerability 1
0: Orb of Zot
}: 4/15 runes: serpentine, barnacled, silver, abyssal
a: Renounce Religion, Stomp


You escaped.
You worshipped Uskayaw.
Uskayaw was pleased with you.
You visited 10 branches of the dungeon, and saw 48 of its levels.
You visited the Abyss 1 time.
You visited 1 bazaar.
You also visited: Gauntlet, Ice Cave and Desolation.

You collected 4979 gold pieces.
You spent 3257 gold pieces at shops.


Innate Abilities, Weirdness & Mutations

You have a beak for a mouth.
You have claws for feet.
Your magical nature lets you fly swiftly and evasively.
You are agile. (Dex +4, Str/Int -1)
Your system is resistant to poisons. (rPois)
Your spells are a little harder to cast, but a little more powerful.
You are vulnerable to heat. (rF-)


   Skills:
 + Level 23.7 Fighting
 - Level 15.0(15.3) Short Blades
 - Level 5.4(11.1) Long Blades
 - Level 12.0 Armour
 - Level 24.0 Dodging
 - Level 12.0 Stealth
 - Level 22.0 Shields
 - Level 14.0 Invocations
 - Level 16.0 Evocations


You had 23 spell levels left.
You knew the following spells:

 Your Spells              Type           Power      Damage    Failure   Level
a - Blink                 Tloc           0%         N/A       96%         2

Your spell library contained the following spells:

 Spells                   Type           Power      Damage    Failure   Level
 Apportation              Tloc           0%         N/A       90%         1
 Foxfire                  Conj/Fire      0%         2x1d4     90%         1
 Freeze                   Ice            0%         1d3       90%         1
 Kiss of Death            Conj/Necr      0%         2d5       90%         1
 Magic Dart               Conj           0%         1d3       90%         1
 Necrotise                Necr           0%         1d4       90%         1
 Shock                    Conj/Air       0%         1d3       90%         1
 Slow                     Hex            0%         N/A       90%         1
 Sting                    Tmut/Pois      0%         1d3       90%         1
 Summon Small Mammal      Summ           0%         N/A       90%         1
 Cigotuvi's Dreadful Rot  Necr/Pois/Air  0%         N/A       96%         2
 Ensorcelled Hibernation  Hex/Ice        0%         N/A       96%         2
 Momentum Strike          Conj/Tloc      0%         3d8       96%         2
 Passwall                 Tmut/Erth      0%         N/A       96%         2
 Poisonous Vapours        Pois/Air       0%         N/A       96%         2
 Searing Ray              Conj           0%         2d4       96%         2
 Static Discharge         Conj/Air       0%         2-2/arc   96%         2
 Sublimation of Blood     Necr           0%         N/A       96%         2
 Wereblood                Tmut           0%         N/A       96%         2
 Confusing Touch          Hex            0%         N/A       99%         3
 Frozen Ramparts          Ice            0%         1d1       99%         3
 Gell's Gravitas          Tloc           0%         N/A       99%         3
 Hailstorm                Conj/Ice       0%         3d3       99%         3
 Ignite Poison            Fire/Tmut/Pois 0%         N/A       99%         3
 Kindle Blastsparks       Fire/Tloc/Air  0%         2d10      99%         3
 Lesser Beckoning         Tloc           0%         N/A       99%         3
 Ozocubu's Armour         Ice            0%         N/A       99%         3
 Spider Form              Tmut/Pois      0%         N/A       99%         3
 Teleport Other           Tloc           0%         N/A       99%         3
 Tukima's Dance           Hex            0%         N/A       99%         3
 Vampiric Draining        Necr           0%         2d6       99%         3
 Vhi's Electric Charge    Tloc/Air       0%         N/A       99%         3
 Airstrike                Air            0%         2d(0-16)  100%        4
 Anguish                  Hex/Necr       0%         N/A       100%        4
 Animate Armour           Summ/Erth      0%         N/A       100%        4
 Animate Dead             Necr           0%         N/A       100%        4
 Cause Fear               Hex            0%         N/A       100%        4
 Fulminant Prism          Conj/Hex       0%         3d5       100%        4
 Ice Form                 Ice/Tmut       0%         N/A       100%        4
 Olgreb's Toxic Radiance  Pois           0%         N/A       100%        4
 Passage of Golubria      Tloc           0%         N/A       100%        4
 Petrify                  Tmut/Erth      0%         N/A       100%        4
 Summon Ice Beast         Ice/Summ       0%         N/A       100%        4
 Arcjolt                  Conj/Air       0%         1d10      100%        5
 Blade Hands              Tmut           0%         N/A       100%        5
 Borgnjor's Vile Clutch   Necr/Erth      0%         N/A       100%        5
 Fireball                 Conj/Fire      0%         3d3       100%        5
 Freezing Cloud           Conj/Ice/Air   0%         6-21      100%        5
 Irradiate                Conj/Tmut      0%         3d11      100%        5
 Lightning Bolt           Conj/Air       0%         1d11      100%        5
 Silence                  Hex/Air        0%         N/A       100%        5
 Summon Forest            Summ/Tloc      0%         N/A       100%        5
 Summon Mana Viper        Hex/Summ       0%         N/A       100%        5
 Yara's Violent Unravell  Hex/Tmut       0%         3d3       100%        5
 Conjure Ball Lightning   Conj/Air       0%         3x3d6     100%        6
 Death Channel            Necr           0%         N/A       100%        6
 Dispersal                Tloc           0%         N/A       100%        6
 Eringya's Noxious Bog    Tmut/Pois      0%         N/A       100%        6
 Iron Shot                Conj/Erth      0%         9d1       100%        6
 Simulacrum               Ice/Necr       0%         N/A       100%        6
 Starburst                Conj/Fire      0%         6d3       100%        6
 Statue Form              Tmut/Erth      0%         N/A       100%        6
 Summon Cactus Giant      Summ           0%         N/A       100%        6
 Dragon Form              Tmut           0%         N/A       100%        7
 Enfeeble                 Hex            0%         N/A       100%        7
 Ozocubu's Refrigeration  Ice            0%         4d7       100%        7
 Summon Hydra             Summ           0%         N/A       100%        7
 Ignition                 Fire           0%         3d3       100%        8
 Lehudib's Crystal Spear  Conj/Erth      0%         10d2      100%        8
 Maxwell's Capacitive Co  Air            0%         ∞         100%        8
 Necromutation            Tmut/Necr      0%         N/A       100%        8
 Chain Lightning          Conj/Air       0%         N/A       100%        9
 Death's Door             Necr           0%         N/A       100%        9
 Dragon's Call            Summ           0%         N/A       100%        9
 Polar Vortex             Ice            0%         N/A       100%        9

Inventory:

Hand Weapons
 a - a +6 quick blade of electrocution (weapon) {shortrare=g}
   (You subdued it on level 2 of the Elven Halls)
 w - the +10 scimitar "Yhokeid" {freeze, *Rage rElec Dex+8, long}
   (You found it on level 1 of the Elven Halls)

   Dex:       It affects your dexterity (+8).
   rElec:     It insulates you from electricity.
   *Rage:     It berserks you when you make melee attacks (+20% chance).
Armour
 t - the +0 pair of gloves of the Wasteland (worn) {rC++ rN+++ Str-4 Int-5}
   (You bought it in a shop on level 2 of the Depths)

   Str:       It affects your strength (-4).
   Int:       It affects your intelligence (-5).
   rC:        It greatly protects you from cold.
   rN:        It renders you almost immune to negative energy.
 v - +0 gold dragon scales {rare}
   (You found it on level 5 of the Realm of Zot)
 x - the +7 faerie dragon scales (worn) {Rampage rCorr HP+5 Int-2 Dex+4}
   (You took it off the Enchantress on level 3 of the Depths)

   Int:       It affects your intelligence (-2).
   Dex:       It affects your dexterity (+4).
   HP:        It affects your health (+5).
   rCorr:     It protects you from acid and corrosion.
   Rampage:   It bestows one free step when moving towards enemies.
 C - a +2 cloak of willpower (worn)
   (You took it off a draconian monk on level 4 of the Depths)
 E - the +6 tower shield "Qenev" (worn) {MP+9 Dex+2}
   (You acquired it on level 1 of the Elven Halls)

   Dex:       It affects your dexterity (+2).
   MP:        It affects your magic capacity (+9).
 L - a +2 hat of willpower (worn)
   (You took it off Gastronok on level 1 of the Lair of Beasts)
Jewellery
 p - the ring "Cigyal" (left hand) {rF+ Dex+3}
   (You bought it in a shop on level 1 of the Depths)

   [ring of protection from fire]

   Dex:       It affects your dexterity (+3).
   rF:        It protects you from fire.
 y - a +6 ring of dexterity
   (You took it off a deep elf demonologist on level 3 of the Elven Halls)
 J - a ring of resist corrosion
   (You found it on level 2 of the Vaults)
 N - the ring "Nycelif" (right hand) {rPois rN++ MP+9 Int-4 SInv}
   (You bought it in a shop on level 1 of the Depths)

   [ring of poison resistance]

   Int:       It affects your intelligence (-4).
   rPois:     It protects you from poison.
   rN:        It greatly protects you from negative energy.
   MP:        It affects your magic capacity (+9).
   SInv:      It lets you see invisible.
 R - the amulet "Bump" (around neck) {Spirit rPois Will++}
   (You found it in the Desolation of Salt)

   [amulet of guardian spirit]

   It causes incoming damage to be divided between your reserves of health and
   magic.
   rPois:     It protects you from poison.
   Will:      It greatly increases your willpower.
 Y - the ring "Tueleske" {rElec rN+ Int+7 Dex-4}
   (You took it off an ironbound preserver on level 5 of the Vaults)

   [ring of positive energy]

   Int:       It affects your intelligence (+7).
   Dex:       It affects your dexterity (-4).
   rElec:     It insulates you from electricity.
   rN:        It protects you from negative energy.
Wands
 n - a wand of charming (75)
   (You found it on level 7 of the Dungeon)
 q - a wand of mindburst (20)
   (You found it on level 5 of the Lair of Beasts)
 B - a wand of flame (15)
   (You found it on level 3 of the Vaults)
 G - a wand of iceblast (19)
   (You took it off Pikel on level 8 of the Dungeon)
 K - a wand of digging (20)
   (You found it on level 7 of the Dungeon)
 V - a wand of polymorph (21)
   (You found it in a Gauntlet)
 Z - a wand of light (15)
   (You found it on level 12 of the Dungeon)
Scrolls
 c - 3 scrolls of silence {!r}
 d - 11 scrolls of blinking {!r}
 f - 8 scrolls of fog
 i - 6 scrolls of fear
 l - 10 scrolls of vulnerability {!r!r}
 m - 11 scrolls of poison {!r}
 z - 5 scrolls of immolation {!r!r}
 F - 4 scrolls of brand weapon
 H - 8 scrolls of identify {@r1}
 M - 8 scrolls of teleportation {@r4}
 O - a scroll of enchant armour
 P - a scroll of summoning
Potions
 e - 2 potions of mutation {!q}
 g - 4 potions of resistance
 j - 6 potions of haste {@q3}
 k - 11 potions of heal wounds {@q2}
 o - 4 potions of magic
 s - 3 potions of ambrosia
 u - 3 potions of invisibility
 A - 16 potions of curing {@q1}
 D - 5 potions of might
 I - 3 potions of cancellation
 U - 7 potions of brilliance
 X - 7 potions of berserk rage {!q}
Miscellaneous
 b - a condenser vane
   (You found it on level 3 of the Elven Halls)
 h - a lightning rod (4/4)
   (You found it on level 2 of the Depths)
 r - a piece from Xom's chessboard (15/15)
   (You found it on level 13 of the Dungeon)
 Q - a tin of tremorstones (2/2) {throwing}
   (You found it in a Gauntlet)
 S - a box of beasts
   (You found it on level 5 of the Lair of Beasts)
 T - a phial of floods
   (You found it on level 5 of the Lair of Beasts)
 W - a phantom mirror
   (You found it on level 3 of the Elven Halls)

Dungeon Overview and Level Annotations

Branches:
Dungeon (15/15)            Temple (1/1) D:4            Lair (5/5) D:8
 Shoals (4/4) Lair:2        Snake (4/4) Lair:3        Slime (0/5) Lair:4
    Orc (2/2) D:12            Elf (3/3) Orc:2        Vaults (5/5) D:13
  Crypt (0/3) Vaults:3     Depths (4/4) D:15            Zot (5/5) Depths:4
  IceCv (visited)         Desolation (visited)      Gauntlet (visited)

Altars:
Ashenzari
Cheibriados
Dithmenos
Elyvilon
Fedhas
Gozag
Hepliaklqana
Kikubaaqudgha
Makhleb
Nemelex Xobeh
Okawaru
Qazlal
Ru
Sif Muna
Trog
Uskayaw
Vehumet
Wu Jian
Xom
Yredelemnul
Zin
The Shining One

Shops:
D:3 [   D:4 (   D:7 !   D:11 ?   Orc:2 (*!(:   Elf:3 :   Shoals:4 =
Vaults:2 !   Depths:1 ?=:=   Depths:2 *[

Portals:
Hell: Depths:1 Depths:2 Depths:3 Depths:4
Abyss: Depths:2 Depths:3 Depths:4
Pandemonium: Depths:2 Depths:3
Ziggurat: Depths:4
Trove: Vaults:2 (give 18 scrolls of teleportation)

Annotations:
D:14 exclusion: door, Nessos
Lair:3 2 runed translucent doors, caveywoolpert's ghost, journeyman DEEE
Shoals:1 Nikola; Roxanne
Snake:3 exclusion: 2 naga sharpshooters
Orc:1 4 transporters
Elf:1 1 runed translucent door
Zot:3 exclusion: door
Zot:5 exclusion: 3 upstairs

#.#########.# ## #.# #.# #.
#.# #.# ## #.# #.#########
####### #......†.†.
##.....## #.#########
#.#####.## #.###......
###.8≈8≈8..# #........##
#...~≈≈≈≈.@# #..#####.#
#)#.8≈8≈8..# #..# #.##
#.#.#####.## #..# #.†.
#.##.....#########.# #.#.
#.######## #.......#####.#.
#.#####.# #.#####.......#.
#.....#.####.########.####.
#####......(...............
#.........>.#..........


There were no monsters in sight!


Message History

You fly upwards.
There is a stone staircase leading down here.
(D) Dungeon (T) Temple (L) Lair (A) Shoals (P) Snake Pit (M) Slime Pits (O) Orcish Mines (E) Elven Halls (V) Vaults (C) Crypt (U) Depths (H) Hell (Z) Zot
Where to? (Enter - D:1, ? - help)
What level of the Dungeon? (default 1, ? - help)
There is a stone staircase leading up here.
You fly upwards.
There is a stone staircase leading down here.
There is a stone staircase leading up here.
You fly upwards.
There is a stone staircase leading down here.
Things that are here:
a +0 short sword {short}; a +0 club {mace}
There is a stone staircase leading up here.
You fly upwards.
There is a stone staircase leading down here.
A demonspawn black sun and a lorocyproca come into view.
The lorocyproca gives a chilling moan.
The demonspawn black sun utters an invocation to Kikubaaqudgha.
The demonspawn black sun begins absorbing vital energies!
The lorocyproca begins absorbing vital energies!
A cacodemon comes into view.
The cacodemon shouts!
The cacodemon gestures at the rock wall.
Some rock shatters into small pieces.
A sixfirhy comes into view.
The cacodemon gestures at you. The bolt of energy misses you.
The cacodemon gestures at you.
Strange energies course through your body.
You feel conductive.
A soul eater comes into view.
You hit the soul eater but do no damage.
You claw the soul eater, but do no damage.
You peck the soul eater, but do no damage.
You block the soul eater's attack.
You puncture the soul eater!
Lightning courses through the soul eater!
Your kick misses the soul eater.
You peck the soul eater, but do no damage.
You completely miss the soul eater. Your kick misses the soul eater.
You block the soul eater's attack.
You hit the soul eater but do no damage.
You claw the soul eater, but do no damage.
You hit the soul eater but do no damage.
Your kick misses the soul eater.
You peck the soul eater, but do no damage.
Some rock shatters into small pieces.
You puncture the soul eater!
You claw the soul eater, but do no damage.
Your peck misses the soul eater. You block the sixfirhy's attack.
You block the soul eater's attack.
You hit the soul eater but do no damage.
Lightning courses through the soul eater!
You claw the soul eater, but do no damage.
You peck the soul eater. You block the sixfirhy's attack. x2
You puncture the soul eater! You claw the soul eater.
Your peck misses the soul eater. The sixfirhy misses you.
The soul eater hits you but does no damage.
You block the sixfirhy's attack.
You hit the soul eater but do no damage.
Lightning courses through the soul eater!!
You kill the soul eater!
You block the sixfirhy's attack.
The cacodemon gestures at the rock wall.
Some rock shatters into small pieces.
There is an escape hatch in the ceiling here.
A mysterious force pulls you upwards. The hatch slams shut behind you.
(D) Dungeon (T) Temple (L) Lair (A) Shoals (P) Snake Pit (M) Slime Pits (O) Orcish Mines (E) Elven Halls (V) Vaults (C) Crypt (U) Depths (H) Hell (Z) Zot
Where to? (Enter - D:1, ? - help)
What level of the Dungeon? (default 1, ? - help)
There is a stone staircase leading up here.
You fly upwards.
There is a stone staircase leading down, spattered with blood here.
You see here a +0 short sword {short}.
You rampage towards the goblin!
The goblin shouts!
You rampage towards the goblin!
You hit the goblin. Lightning courses through the goblin!!
You kill the goblin!
No target in view!
No target in view!
No target in view!
No target in view!
No target in view!
(D) Dungeon (T) Temple (L) Lair (A) Shoals (P) Snake Pit (M) Slime Pits (O) Orcish Mines (E) Elven Halls (V) Vaults (C) Crypt (U) Depths (H) Hell (Z) Zot
Where to? (Enter - D:1 @ (x,y), ? - help)
You see here a +0 dagger {short}.
There is a staircase leading out of the dungeon here.
You see here a +0 dagger {short}.
You have escaped!

Skill      XL: |  1  2  3  4  5  6  7  8  9 10 11 12 13 14 15 16 17 18 19 20 21 22 23 24 25 26 |
---------------+-------------------------------------------------------------------------------+-----
Short Blades   | 2 3 4 5 6 7 8 10 11 14 15 | 15.0
Dodging        | 1 3 5 7 9 11 13 14 18 20 21 24 | 24.0
Fighting       | 2 3 5 7 8 10 13 14 16 19 20 21 23 | 23.7
Shields        | 5 6 9 15 16 18 22 | 22.0
Invocations    | 5 10 14 | 14.0
Stealth        | 7 8 12 | 12.0
Evocations     | 13 16 | 16.0
Armour         | 3 11 12 | 12.0
Long Blades    | 5 |  5.4

Action                   |  1- 3 |  4- 6 |  7- 9 | 10-12 | 13-15 | 16-18 | 19-21 | 22-24 | 25-27 || total
-------------------------+-------+-------+-------+-------+-------+-------+-------+-------+-------++-------
Melee: Short sword       |    74 |    87 |   275 |   314 |       |       |       |       |       ||   750
       Kick              |    13 |    26 |   103 |   214 |   679 |   714 |   891 |  1169 |   881 ||  4690
       Peck              |     9 |    13 |    72 |   146 |   431 |   484 |   598 |   752 |   590 ||  3095
       Punch             |     1 |     2 |     7 |       |       |       |       |       |       ||    10
       Rapier            |       |       |       |   208 |  1504 |  1486 |  1706 |   531 |       ||  5435
       Quick blade       |       |       |       |       |       |       |       |  1544 |  1306 ||  2850
Throw: Dart              |     4 |     4 |     3 |     1 |       |       |       |       |       ||    12
Invok: Stomp             |       |       |     4 |     8 |     1 |    12 |     1 |     3 |     1 ||    30
       Line Pass         |       |       |     1 |    19 |    11 |     6 |     6 |     5 |     1 ||    49
       Grand Finale      |       |       |       |       |     5 |     4 |     6 |     9 |     4 ||    28
Evoke: Wand              |       |       |     4 |    44 |    16 |    17 |     2 |     3 |     3 ||    89
       Box of beasts     |       |       |       |       |     2 |     5 |     2 |     4 |     1 ||    14
       Tin of tremorston |       |       |       |       |     3 |     7 |       |     3 |     2 ||    15
       Phial of floods   |       |       |       |       |     1 |     3 |     2 |     3 |     1 ||    10
       Condenser vane    |       |       |       |       |       |       |       |     4 |     3 ||     7
       Phantom mirror    |       |       |       |       |       |       |       |     1 |       ||     1
  Use: Scroll            |       |     8 |     4 |     7 |    15 |     8 |     1 |    17 |     7 ||    67
       Potion            |       |       |     2 |     1 |     4 |    14 |     1 |     4 |    10 ||    36
 Stab: Sleeping          |     4 |     2 |     5 |     5 |     6 |    22 |    32 |    39 |     2 ||   117
       Distracted        |       |     1 |     1 |     1 |     3 |     8 |     8 |    14 |     4 ||    40
       Invisible         |       |     3 |     5 |       |       |     7 |     2 |     1 |       ||    18
       Paralysed         |       |       |     6 |    30 |    98 |   103 |   152 |   135 |    72 ||   596
       Confused          |       |       |     1 |    14 |    10 |     5 |     4 |     3 |     1 ||    38
       Petrified         |       |       |       |     2 |       |       |       |       |       ||     2
Armor: Ring mail         |    21 |    20 |    40 |    36 |   116 |   116 |    84 |    54 |       ||   487
       Leather armour    |       |     3 |       |       |       |       |       |       |       ||     3
       Acid dragon scale |       |       |       |       |       |       |       |    11 |    39 ||    50
Dodge: Dodged            |    37 |    19 |   108 |   206 |   642 |   710 |   859 |   512 |   260 ||  3353
Block: Other             |       |       |    27 |     1 |       |       |       |       |       ||    28
       Reflection        |       |       |     1 |    10 |       |       |    67 |     6 |       ||    84
       Buckler           |       |       |       |   148 |   218 |   136 |       |       |       ||   502
       Kite shield       |       |       |       |       |       |   470 |   930 |   109 |       ||  1509
       Tower shield      |       |       |       |       |       |       |       |  1149 |   741 ||  1890

Levels and vault maps discovered:
D:1:      lightli_arrival_statue_moat, layout_loops_ring,
          minmay_misc_feat_alley, serial_bayou_pond_d, minmay_misc_feat_rows
D:2:      layout_loops_ring
D:3:      layout_basic, serial_shops, nicolae_shop_behind_doors,
          hangedman_abyss_or_decor_stabs, nrook_loot_triangle
D:4:      layout_basic, temple_hall, serial_demonic, serial_demonic_f,
          serial_demonic_g, serial_demonic_g, serial_demonic_b, serial_shops,
          shop, nicolae_nh_ransacked_shop, uniq_blork_the_orc, uniq_duvessa,
          uniq_natasha
D:5:      layout_rooms, guppyfry_early_orc_mine
D:6:      layout_basic, general_overflow_altar
D:7:      minmay_the_grid_triangle_9x9_recursive_2
          [minmay_the_grid_triangle_9x9_prize_top_heavy,
          minmay_the_grid_triangle_9x9_descending_squares,
          minmay_the_grid_triangle_9x9_odd_lines,
          minmay_the_grid_triangle_9x9_alien], layout_loops_ring, serial_shops,
          shop, minivault_24, hangedman_decor_push
D:8:      minmay_bloctagon, layout_rooms, dpeg_oklobed_lair, uniq_maggie,
          uniq_pikel
D:9:      layout_basic, nicolae_overflow_quartered_altars, minivault_23,
          minivault_25, uniq_maurice
D:10:     layout_cave_pools, minmay_misc_feat_encased
D:11:     minmay_slanted_spiral_squares, layout_irregular_city, serial_shops,
          shop
D:12:     minmay_evil_eye, layout_layer_cave, zombieorc2_lemuel,
          nicolae_rejected_hall
D:13:     layout_basic, erik_vaults_2, serial_park_tiny_2, kennysheep_doodads,
          uniq_snorg
D:14:     layout_gridville, serial_undead, serial_undead_b, serial_undead_b,
          serial_undead_e, serial_undead_b, serial_undead_a, serial_undead_f,
          uniq_agnes, uniq_nessos
D:15:     grunt_enter_depths_magical_seal, layout_loops_ring, elyvilon_altar_3,
          hangedman_feature_mirror, nicolae_figureground_pulse
Temple:   minmay_temple_bridge_d
Lair:1:   layout_gridlike, grunt_megastairs_1, infiniplex_staircase_pool,
          uniq_gastronok, uniq_nergalle
Lair:2:   layout_regular_city, minmay_shoals_entry_hut, kennysheep_rathole
Lair:3:   layout_misc_corridors, minmay_snake_entry_guardpost_small,
          ebering_ghost_disaster_area, worms_lemuel
Lair:4:   layout_roguey, nicolae_slime_entry_slimehenge
Lair:5:   gammafunk_lair_ancient_temple, layout_long_grid, minivault_25,
          pdpol_lair_neglected_garden, chequers_serial_rivers_small_3
Shoals:1: layout_shoals, uniq_frances, uniq_roxanne, uniq_josephine, uniq_nikola
Shoals:2: layout_shoals, nicolae_shoals_bring_sunscreen
Shoals:3: layout_shoals, uniq_kirke
Shoals:4: shoals_end_grunt_ice, layout_shoals, serial_shops,
          nicolae_shop_advertising_works [nicolae_subvault_shop_adworks],
          uniq_mlioglotl
Snake:1:  layout_grid_shapes, nicolae_large_snake_swirl, uniq_aizul, uniq_louise
Snake:2:  layout_concentric_octagons, uniq_asterion
Snake:3:  layout_grid_maze
Snake:4:  minmay_snake_end_coiled, layout_gridlike, statue_in_the_mist_lemuel,
          grunt_megastairs_4, serial_bayou_shore_a
Orc:1:    dreamdust_wu_jian_sword_trials, layout_diamond_mine, uniq_fannar
Orc:2:    st_orc_town, layout_diamond_mine, gauntlet_entry_generic,
          serial_shops, nicolae_shop_waterfront
Elf:1:    nicolae_elf_arrival_dilemma, layout_loops_corners,
          minmay_elf_annihilation
Elf:2:    elven_hall_of_blades_hangedman_alternative
          [nicolae_blade_entry_hurt_lockers], layout_onion_city,
          nicolae_danse_macabre, uniq_azrael
Elf:3:    minmay_elf_hall_statues, layout_gridlike,
          portal_ice_cave_entry_ugly_swarm, serial_shops, shop
Vaults:1: hangedman_vaults_trim, hangedman_vaults_maws,
          nicolae_vaults_little_ls, special_room_vaults [special_room_orc],
          hangedman_vaults_hat, nicolae_vaults_little_squares_4,
          vaults_dpeg_spiral, ontoclasm_vaults_loading_screen,
          vaults_standard_mumra_lines, nicolae_vaults_windows_and_doors_thing,
          v_pattern_4, v_misc_23, ontoclasm_vaults_loading_screen,
          vaults_room_ringed_pool, layout_vaults_omnicross
Vaults:2: v_misc_23, ontoclasm_vaults_gallery, vaults_dpeg_cross,
          nicolae_vaults_big_angled_halls, v_alt_pattern_4,
          hangedman_vaults_nodes, v_misc_28, ontoclasm_vaults_hangar,
          nicolae_vaults_little_squares_2, vaults_dpeg_emergency_exit,
          ontoclasm_vaults_twist, nicolae_vaults_asterisk,
          nicolae_vaults_twisting_passages, hangedman_vaults_slice,
          vaults_mumra_hexcomb, layout_vaults_maze_bifur,
          nicolae_trove_entry_crossroad, serial_shops, nicolae_square_shop,
          uniq_sojobo
Vaults:3: portal_desolation_entry_garden, ontoclasm_vaults_ring_large,
          nicolae_vaults_ring_of_whatevers, hangedman_vaults_impose,
          ontoclasm_vaults_shuriken, nicolae_vaults_diagonal_hallway_8,
          vaults_dpeg_ring, minmay_crypt_entry_simple_round,
          layout_vaults_big_room
Vaults:4: v_misc_5, v_alt_pattern_2, vaults_room_fancy_cross,
          nicolae_vaults_network_star, ontoclasm_vaults_ring_square,
          hangedman_vaults_river_flow, vaults_room_hallway,
          nicolae_vaults_circle_grid_a, vaults_mumra_hex, serial_ice_m,
          special_room_vaults [special_room_orc], v_alt_pattern_6,
          nicolae_vaults_theta, vaults_room_hallway, layout_vaults_ring
Vaults:5
Depths:1: layout_honeycomb, serial_shops, shop, hangedman_coc_ice_floe,
          nicolae_figureground_sparkle, minmay_shop_star
Depths:2: evilmike_wizard_prison, layout_cave_pools, abyss_entry,
          rand_demon_pan_entry_5, hell_entry, serial_shops, shop, shop,
          hangedman_abyss_or_decor_slice
Depths:3: grunt_forest_end_chambers, layout_cave_pools,
          nicolae_abyss_entry_one_way_or_another,
          hellmonk_okawaru_the_only_friend_you_need, hell_entry,
          rand_demon_pan_entry_4
Depths:4: evilmike_zot_entry_diamond, layout_gridlike, enter_ziggurat_e,
          serial_shops, bzr_in_the_mist, trog_three_pillars_becter, hell_entry,
          abyss_entry, nicolae_shop_clearance, uniq_vv, uniq_josephina,
          uniq_frederick
Zot:1:    lemuel_halls_of_wrath, layout_misc_corridors, drop_trap, st_stairs_5,
          grunt_ministairs_7, grunt_megastairs_5
Zot:2:    layout_concentric_octagons, grunt_megastairs_2, lemuel_elevator
Zot:3:    dreamdust_black_sun_cult, layout_concentric_octagons,
          st_single_dragon_hoard_4
Zot:4:    nicolae_zot_stationary_front, layout_onion
Zot:5:    layout_cathedral_of_symmetry

Notes
Turn   | Place    | Note
-------+----------+-------------------------------------------
     0 | D:1      | MackTheKnife the Tengu Wanderer began the quest for the
                  | Orb.
     0 | D:1      | MackTheKnife set off with the following items: a +0 dagger
                  | {short}, 2 atropa-tipped darts {throwing}, a datura-tipped
                  | dart {throwing}, a +0 short sword {short}, a +0 ring mail,
                  | a scroll of fog.
     0 | D:1      | Reached XP level 1. HP: 12/12 MP: 2/2
     0 | D:1      | magus.rc [v1.9.6]
   104 | D:1      | Reached skill level 2 in Short Blades
   132 | D:1      | Reached XP level 2. HP: 16/16 MP: 3/3
   324 | D:1      | HP: 3/16 [frozen (5)]
   381 | D:1      | Reached skill level 3 in Short Blades
   506 | D:1      | Reached XP level 3. HP: 20/20 MP: 4/4
  1676 | D:3      | Reached skill level 4 in Short Blades
  1715 | D:3      | Reached XP level 4. HP: 17/25 MP: 2/5
  2030 | D:3      | Reached skill level 5 in Short Blades
  2030 | D:3      | Gained mutation: Your magical nature lets you fly swiftly
                  | and evasively. [Tengu growth]
  2030 | D:3      | Reached XP level 5. HP: 19/29 MP: 2/6
  2160 | D:3      | Found Paomaji's Antique Armour Boutique.
  2163 | D:3      | Bought a runed leather armour for 125 gold pieces
  2841 | D:4      | Reached skill level 6 in Short Blades
  2861 | D:4      | Identified the +5 ring mail of Rugiriy {Dex+5}
  2864 | D:4      | Noticed Blork the orc
  2877 | D:4      | Killed Blork the orc
  2878 | D:4      | Reached XP level 6. HP: 24/34 MP: 5/7
  2958 | D:4      | Noticed Dowan
  3150 | D:4      | Reached skill level 1 in Dodging
  3375 | D:4      | Found Pawidaog's Weapon Shoppe.
  3420 | D:4      | Reached skill level 7 in Short Blades
  3421 | D:4      | Noticed Natasha
  3431 | D:4      | Killed Natasha
  3432 | D:4      | Reached skill level 2 in Fighting
  3432 | D:4      | Reached XP level 7. HP: 35/40 MP: 6/8
  3486 | D:4      | Reached skill level 2 in Dodging
  3540 | D:4      | Noticed Duvessa
  3649 | D:4      | Noticed Natasha
  3681 | D:4      | Killed Dowan
  3712 | D:4      | Killed Natasha
  3735 | D:4      | Killed Duvessa
  3736 | D:4      | Reached skill level 3 in Fighting
  3736 | D:4      | Reached skill level 3 in Dodging
  3769 | D:4      | Found a staircase to the Ecumenical Temple.
  3779 | Temple   | Entered the Ecumenical Temple
  3844 | Temple   | Became a worshipper of Uskayaw the Reveller
  3961 | D:4      | Noticed Natasha
  3968 | D:4      | Reached * piety under Uskayaw
  3969 | D:4      | Killed Natasha
  3994 | D:5      | Entered Level 5 of the Dungeon
  4016 | D:5      | Reached ** piety under Uskayaw
  4018 | D:5      | Reached XP level 8. HP: 44/46 MP: 9/9
  4229 | D:5      | Reached *** piety under Uskayaw
  4289 | D:5      | Reached skill level 4 in Dodging
  4303 | D:5      | You add the spells Sting, Poisonous Vapours and Olgreb's
                  | Toxic Radiance to your library.
  4346 | D:5      | Reached skill level 8 in Short Blades
  4356 | D:5      | Reached skill level 4 in Fighting
  4564 | D:5      | Reached skill level 5 in Dodging
  4834 | D:6      | Reached skill level 5 in Fighting
  4969 | D:6      | Found a burning altar of Makhleb.
  5004 | D:6      | Reached XP level 9. HP: 36/54 MP: 10/10
  5105 | D:6      | Reached skill level 9 in Short Blades
  5400 | D:7      | Reached skill level 6 in Dodging
  5400 | D:7      | HP: 13/55 [something (4)]
  5736 | D:7      | Noticed a kobold demonologist
  5828 | D:7      | Found Luusen's Distillery.
  5836 | D:7      | Bought a potion of heal wounds for 65 gold pieces
  5836 | D:7      | Bought a potion of mutation for 104 gold pieces
  5836 | D:7      | Bought a potion of might for 52 gold pieces
  5898 | D:7      | Reached skill level 6 in Fighting
  5999 | D:7      | Noticed a hornet
  6464 | D:8      | Noticed Pikel
  6506 | D:8      | Noticed Maggie
  6510 | D:8      | Killed Maggie
  6511 | D:8      | Reached skill level 10 in Short Blades
  6511 | D:8      | Reached skill level 7 in Dodging
  6569 | D:8      | Reached skill level 7 in Fighting
  6703 | D:8      | Noticed a tarantella
  6731 | D:8      | Reached XP level 10. HP: 63/63 MP: 11/11
  6811 | D:8      | Killed Pikel
  6812 | D:8      | Reached skill level 8 in Dodging
  6853 | D:8      | Found a staircase to the Lair.
  6879 | D:8      | Reached skill level 1 in Shields
  6880 | D:8      | Reached skill level 2 in Shields
  6881 | D:8      | Reached **** piety under Uskayaw
  6888 | D:8      | Reached ***** piety under Uskayaw
  7252 | D:8      | Reached skill level 3 in Shields
  7346 | D:9      | You add the spells Tukima's Dance, Passage of Golubria and
                  | Yara's Violent Unravelling to your library.
  7439 | D:9      | Reached skill level 4 in Shields
  7557 | D:9      | Noticed Maurice
  7565 | D:9      | Killed Maurice
  7618 | D:9      | Identified the +4 hand axe "Heirphoir" {freeze, rC+ Int+2}
  7636 | D:9      | Reached skill level 5 in Shields
  7874 | D:9      | You pick up a book of Iron and begin reading...
  7874 | D:9      | You add the spells Animate Armour, Blade Hands and Iron
                  | Shot to your library.
  8041 | D:9      | Found a snail-covered altar of Cheibriados.
  8052 | D:9      | Found an opulent altar of Gozag.
  8130 | D:9      | Found a sacrificial altar of Ru.
  8178 | D:9      | Found a glowing silver altar of Zin.
  8240 | D:10     | Entered Level 10 of the Dungeon
  8240 | D:10     | Noticed a two-headed ogre
  8405 | D:10     | Noticed a two-headed ogre
  8420 | D:10     | Killed a two-headed ogre
  8421 | D:10     | Reached skill level 8 in Fighting
  8421 | D:10     | Reached skill level 9 in Dodging
  8433 | D:10     | Noticed a two-headed ogre
  8443 | D:10     | Killed a two-headed ogre
  8444 | D:10     | Reached XP level 11. HP: 69/69 MP: 7/12
  8492 | D:10     | Killed a two-headed ogre
  8493 | D:10     | Reached skill level 9 in Fighting
  8639 | D:10     | Reached skill level 10 in Dodging
  8786 | D:10     | Noticed a two-headed ogre
  8953 | D:10     | Killed a two-headed ogre
  9316 | D:7      | Noticed a boulder beetle
  9332 | D:7      | Reached skill level 10 in Fighting
  9347 | D:7      | Reached skill level 11 in Dodging
  9355 | D:7      | You pick up a book of Conjurations {@e2} and begin
                  | reading...
  9355 | D:7      | You add the spells Magic Dart, Searing Ray and Fulminant
                  | Prism to your library.
  9365 | D:7      | You add the spells Gell's Gravitas, Teleport Other and
                  | Dispersal to your library.
  9491 | Lair:1   | Entered Level 1 of the Lair of Beasts
  9530 | Lair:1   | Reached skill level 1 in Invocations
  9546 | Lair:1   | Reached skill level 2 in Invocations
  9674 | Lair:1   | Reached skill level 3 in Invocations
  9684 | Lair:1   | Noticed a boulder beetle
  9704 | Lair:1   | Killed a boulder beetle
  9705 | Lair:1   | Reached skill level 4 in Invocations
  9831 | Lair:1   | Reached skill level 5 in Invocations
  9831 | Lair:1   | Reached XP level 12. HP: 76/77 MP: 16/16
  9845 | Lair:1   | Noticed Gastronok
  9873 | Lair:1   | Killed Gastronok
  9874 | Lair:1   | Reached skill level 6 in Invocations
 10193 | Lair:1   | Reached skill level 7 in Invocations
 10224 | Lair:1   | Noticed a catoblepas
 10246 | Lair:1   | Killed a catoblepas
 10343 | Lair:1   | Reached skill level 8 in Invocations
 10776 | Lair:1   | Noticed Nergalle
 10794 | Lair:1   | Killed Nergalle
 10795 | Lair:1   | Reached skill level 9 in Invocations
 10942 | Lair:1   | Upgraded the game from 0.30-a0-603-g51a0fb1b98 to
                  | 0.30-a0-612-g150a0467c1
 10942 | Lair:1   | magus.rc [v1.9.6]
 11127 | Lair:2   | magus.rc [v1.9.6]
 11241 | Lair:2   | Reached ****** piety under Uskayaw
 11313 | Lair:2   | Reached skill level 10 in Invocations
 11457 | Lair:2   | You pick up a book of Rime and begin reading...
 11457 | Lair:2   | You add the spells Frozen Ramparts, Ice Form and Summon Ice
                  | Beast to your library.
 11541 | Lair:2   | Reached skill level 11 in Short Blades
 11548 | Lair:2   | Reached XP level 13. HP: 70/82 MP: 21/21
 11706 | Lair:2   | magus.rc [v1.9.6]
 11744 | Lair:2   | Reached skill level 12 in Short Blades
 12040 | Lair:2   | Found a staircase to the Shoals.
 12208 | Lair:1   | magus.rc [v1.9.6]
 12993 | Lair:3   | Reached skill level 13 in Short Blades
 13003 | Lair:3   | Found a large runed translucent door.
 13008 | Lair:3   | Found a large runed translucent door.
 13268 | Lair:3   | Noticed caveywoolpert's ghost (journeyman DEEE)
 13307 | Lair:3   | magus.rc [v1.9.6]
 13358 | Lair:3   | Found a staircase to the Snake Pit.
 13484 | Lair:3   | Reached skill level 14 in Short Blades
 13928 | Lair:4   | Reached skill level 12 in Dodging
 14181 | Lair:4   | Found a staircase to the Slime Pits.
 14640 | Lair:5   | Entered Level 5 of the Lair of Beasts
 14680 | Lair:5   | Reached skill level 13 in Dodging
 14912 | Lair:5   | Reached XP level 14. HP: 80/88 MP: 22/22
 15175 | Lair:5   | Reached skill level 14 in Dodging
 15330 | Lair:5   | Reached skill level 11 in Fighting
 15370 | Lair:5   | HP: 12/90 [drowned by a drowned soul[a merfolk avatar]
                  | (16)]
 15697 | Lair:5   | Noticed a dire elephant
 15718 | Lair:5   | Reached skill level 12 in Fighting
 15718 | Lair:5   | magus.rc [v1.9.6]
 15767 | Lair:5   | Killed a dire elephant
 16149 | Lair:5   | Reached skill level 4 in Stealth
 16873 | D:11     | Reached skill level 5 in Stealth
 16903 | D:11     | You pick up a book of Unlife and begin reading...
 16903 | D:11     | You add the spells Animate Dead, Borgnjor's Vile Clutch and
                  | Death Channel to your library.
 17085 | D:11     | You pick up a book of Spatial Translocations and begin
                  | reading...
 17085 | D:11     | You add the spells Blink, Momentum Strike and Lesser
                  | Beckoning to your library.
 17140 | D:11     | Learned a level 2 spell: Blink
 17173 | D:11     | Found Ezacuh's Magic Scroll Boutique.
 17203 | D:11     | Bought a scroll of identify for 30 gold pieces
 17203 | D:11     | Bought a scroll of identify for 30 gold pieces
 17205 | D:11     | Bought a scroll of identify for 30 gold pieces
 17205 | D:11     | Bought a scroll of identify for 30 gold pieces
 17206 | D:11     | Identified a scroll of acquirement
 17207 | D:11     | Acquired a manual of Evocations
 17293 | D:11     | You add the spells Ozocubu's Armour and Ozocubu's
                  | Refrigeration to your library.
 17388 | D:11     | Reached skill level 13 in Fighting
 17843 | D:12     | Reached skill level 6 in Stealth
 17903 | D:12     | You pick up a book of Debilitation and begin reading...
 17903 | D:12     | You add the spells Slow, Vampiric Draining and Confusing
                  | Touch to your library.
 18227 | D:12     | Found a staircase to the Orcish Mines.
 18345 | D:12     | Reached skill level 7 in Stealth
 18345 | D:12     | Reached XP level 15. HP: 74/99 MP: 23/23
 18707 | Orc:1    | Entered Level 1 of the Orcish Mines
 18835 | Orc:1    | Found an ornate altar of the Wu Jian Council.
 18835 | Orc:1    | Found a transporter.
 18877 | Orc:1    | Found a transporter.
 18884 | Orc:1    | Found a transporter.
 18904 | Orc:1    | Found a transporter.
 18905 | Orc:1    | Found an ornate altar of the Wu Jian Council.
 18905 | Orc:1    | Noticed an orc warlord
 18988 | Orc:2    | Entered Level 2 of the Orcish Mines
 19016 | Orc:2    | Found Vowkeatt's Book Boutique.
 19033 | Orc:2    | Found a gate leading to a gauntlet.
 19037 | Gauntlet | Entered a Gauntlet
 19037 | Gauntlet | Found a transporter.
 19037 | Gauntlet | Found a transporter.
 19037 | Gauntlet | Found a transporter.
 19046 | Gauntlet | Found a transporter.
 19061 | Gauntlet | Found a transporter.
 19072 | Gauntlet | Found a transporter.
 19084 | Gauntlet | Found a transporter.
 19097 | Gauntlet | Found a transporter.
 19103 | Gauntlet | Found a transporter.
 19117 | Gauntlet | Found a transporter.
 19134 | Gauntlet | Found a transporter.
 19171 | Gauntlet | Found a transporter.
 19181 | Gauntlet | Found the +10 morningstar "Eos" {elec, Halo rElec}
 19272 | Gauntlet | Identified the +8 dire flail of Virtue {drain, rF+ rN+
                  | Str+3 Dex-2}
 19324 | Gauntlet | Reached skill level 8 in Stealth
 19493 | Gauntlet | Reached skill level 14 in Fighting
 19526 | Orc:2    | Reached skill level 4 in Evocations
 19536 | Orc:2    | Reached skill level 5 in Evocations
 19634 | Orc:2    | Reached skill level 6 in Evocations
 19661 | Orc:2    | Reached skill level 7 in Evocations
 19671 | Orc:2    | HP: 21/100 [orc priest/divine providence (12)]
 20164 | Orc:2    | Found Xarap's Distillery.
 20164 | Orc:2    | Found Kiutyng's Weapon Shop.
 20170 | Orc:2    | Reached skill level 8 in Evocations
 20183 | Orc:2    | Bought a potion of invisibility for 120 gold pieces
 20223 | Orc:2    | Found Zoxeusk's Weapon Emporium.
 20223 | Orc:2    | Found Dech's General Store.
 20277 | Orc:2    | Bought a scroll of blinking for 97 gold pieces
 20277 | Orc:2    | Bought a scroll of identify for 26 gold pieces
 20310 | Orc:2    | Reached skill level 9 in Evocations
 20319 | Orc:2    | Bought 2 potions of resistance for 300 gold pieces
 20319 | Orc:2    | Bought a potion of mutation for 120 gold pieces
 20319 | Orc:2    | Bought a potion of haste for 150 gold pieces
 20319 | Orc:2    | Bought a potion of might for 60 gold pieces
 20319 | Orc:2    | Bought a potion of curing for 45 gold pieces
 20561 | Orc:2    | Found a staircase to the Elven Halls.
 20889 | Orc:1    | Noticed Fannar
 20899 | Orc:1    | Killed Fannar
 21049 | D:12     | Noticed a sphinx
 21060 | D:12     | Killed a sphinx
 21067 | D:12     | Reached skill level 10 in Evocations
 21268 | D:12     | You add the spells Summon Forest, Eringya's Noxious Bog and
                  | Summon Hydra to your library.
 21475 | D:12     | Reached skill level 11 in Evocations
 21481 | D:12     | Noticed a sphinx
 21504 | D:12     | Killed a sphinx
 21551 | D:12     | Reached skill level 12 in Evocations
 21602 | D:12     | Noticed a tengu reaver
 21608 | D:12     | Killed a tengu reaver
 21638 | D:12     | Reached skill level 13 in Evocations
 21714 | D:12     | Reached skill level 6 in Shields
 21756 | D:12     | Reached skill level 3 in Armour
 22277 | D:12     | Gained mutation: A frigid envelope surrounds you and
                  | freezes all who hurt you. [potion of mutation]
 22318 | D:13     | Noticed Snorg
 22320 | D:13     | Killed Snorg
 22321 | D:13     | Reached XP level 16. HP: 106/106 MP: 24/24
 22382 | D:13     | Reached skill level 4 in Armour
 22428 | D:13     | Found a gate to the Vaults.
 22440 | D:13     | Reached skill level 7 in Shields
 22442 | D:13     | Reached skill level 5 in Armour
 23039 | D:13     | Reached skill level 6 in Armour
 23698 | D:14     | You pick up a book of Fire and begin reading...
 23698 | D:14     | You add the spells Foxfire, Fireball and Starburst to your
                  | library.
 23708 | D:14     | Reached skill level 8 in Shields
 23811 | D:14     | Reached skill level 7 in Armour
 23952 | D:14     | Noticed Agnes
 24144 | D:14     | Killed Agnes
 24145 | D:14     | Reached skill level 8 in Armour
 24303 | D:14     | Noticed Nessos
 24313 | D:15     | Entered Level 15 of the Dungeon
 24342 | D:15     | Reached skill level 9 in Armour
 24433 | D:15     | You pick up a book of Cantrips and begin reading...
 24433 | D:15     | You add the spells Necrotise, Summon Small Mammal and
                  | Apportation to your library.
 24460 | D:15     | Found a white marble altar of Elyvilon.
 24511 | D:15     | You pick up a book of Ice and begin reading...
 24511 | D:15     | You add the spells Freezing Cloud, Simulacrum and Polar
                  | Vortex to your library.
 24837 | D:15     | Reached skill level 10 in Armour
 24944 | D:15     | Found a bloodstained altar of Trog.
 24994 | D:15     | Found a staircase to the Depths.
 25084 | D:15     | Found a white marble altar of Elyvilon.
 25619 | Snake:1  | Entered Level 1 of the Snake Pit
 25619 | Snake:1  | Noticed Louise
 25669 | Shoals:1 | Entered Level 1 of the Shoals
 25669 | Shoals:1 | Noticed Josephine
 25673 | Shoals:1 | Killed Josephine
 25674 | Shoals:1 | Reached skill level 11 in Armour
 25700 | Shoals:1 | Identified Roxanne's Volume of Topography
 25700 | Shoals:1 | Noticed Roxanne
 25709 | Lair:2   | magus.rc [v1.9.6]
 25900 | Shoals:1 | magus.rc [v1.9.6]
 25965 | Shoals:1 | Noticed Nikola
 25967 | Shoals:1 | magus.rc [v1.9.6]
 26081 | Shoals:1 | Acquired a manual of Shields
 26090 | Shoals:1 | Reached skill level 9 in Shields
 26146 | Shoals:1 | Reached XP level 17. HP: 104/111 MP: 18/25
 26154 | Shoals:1 | Reached skill level 10 in Shields
 26676 | Shoals:2 | Reached skill level 11 in Shields
 26703 | Shoals:2 | Noticed a kraken
 26727 | Shoals:2 | Killed a kraken
 26798 | Shoals:2 | Reached skill level 12 in Shields
 26889 | Shoals:2 | Reached skill level 13 in Shields
 26895 | Shoals:2 | HP: 23/111 [merfolk/+0 trident (12)]
 26926 | Shoals:2 | You are cast into the Abyss!
 26926 | Abyss:2  | Cast into level 2 of the Abyss (merfolk aquamancer)
 27096 | Abyss:2  | Noticed a tentacled starspawn
 27100 | Abyss:2  | Noticed a tentacled starspawn
 27137 | Abyss:2  | Found a corrupted altar of Lugonu.
 27196 | Abyss:2  | Noticed a tentacled starspawn
 27228 | Abyss:2  | Reached skill level 14 in Shields
 27371 | Abyss:2  | Paralysed by a great orb of eyes for 2 turns
 27436 | Abyss:2  | magus.rc [v1.9.6]
 27607 | Abyss:3  | Noticed a tentacled starspawn
 27616 | Abyss:3  | Found a corrupted altar of Lugonu.
 27678 | Abyss:3  | Noticed a hellephant
 27713 | Abyss:3  | Noticed a tentacled starspawn
 27719 | Abyss:3  | Killed a tentacled starspawn
 27755 | Abyss:3  | Reached skill level 15 in Shields
 27935 | Abyss:3  | Found a corrupted altar of Lugonu.
 27946 | Abyss:3  | Noticed a tentacled monstrosity
 27946 | Abyss:3  | Noticed a tentacled monstrosity
 27957 | Abyss:3  | Killed a tentacled monstrosity
 27961 | Abyss:3  | Found a corrupted altar of Lugonu.
 27964 | Abyss:3  | Killed a tentacled monstrosity
 27971 | Abyss:3  | Got an abyssal rune of Zot
 27981 | Shoals:2 | You pass through the gate.
 27981 | Shoals:2 | Escaped the Abyss
 28006 | Shoals:1 | magus.rc [v1.9.6]
 28171 | Shoals:1 | Identified the +0 ring mail "Wisch" {Will+ Str+4}
 28199 | Shoals:1 | Noticed Frances
 28218 | Shoals:1 | Killed Frances
 28616 | Shoals:2 | magus.rc [v1.9.6]
 28723 | Lair:3   | Reached skill level 15 in Fighting
 28747 | Snake:1  | Killed Louise
 28784 | Snake:1  | Noticed Aizul
 28882 | Lair:3   | magus.rc [v1.9.6]
 28899 | Snake:1  | Killed Aizul
 28956 | Snake:1  | You pick up a book of Rime and begin reading...
 29098 | Snake:1  | You are sucked into a shaft and drop 1 floor!
 29303 | Snake:1  | Reached skill level 16 in Fighting
 29305 | Snake:1  | Reached XP level 18. HP: 114/120 MP: 20/26
 29543 | Snake:1  | You pick up a book of Alchemy and begin reading...
 29543 | Snake:1  | You add the spells Sublimation of Blood, Petrify and
                  | Irradiate to your library.
 30030 | Snake:2  | Reached skill level 15 in Dodging
 30164 | Snake:2  | Noticed Asterion
 30603 | Snake:2  | Killed Asterion
 30902 | Snake:2  | Reached skill level 16 in Dodging
 31373 | Snake:3  | You pick up a book of Rime and begin reading...
 31536 | Snake:3  | You pick up a book of Blood and begin reading...
 32385 | Snake:4  | Entered Level 4 of the Snake Pit
 32429 | Snake:4  | Reached skill level 17 in Dodging
 33109 | Snake:4  | Reached skill level 18 in Dodging
 33115 | Snake:4  | HP: 24/120 [salamander tyrant (23)]
 33852 | Snake:4  | Reached XP level 19. HP: 108/125 MP: 28/28
 33992 | Snake:4  | Reached skill level 11 in Invocations
 34006 | Snake:4  | You pick up a book of Displacement and begin reading...
 34541 | Snake:4  | Got a serpentine rune of Zot
 34964 | Shoals:2 | Reached skill level 12 in Invocations
 35639 | Shoals:3 | Identified the +1 robe "Coalivaf" {rC+ Regen+ Archmagi}
 35890 | Shoals:3 | Noticed Kirke
 35922 | Shoals:3 | Killed Kirke
 36044 | Shoals:3 | Reached skill level 13 in Invocations
 36340 | Shoals:4 | Entered Level 4 of the Shoals
 36346 | Shoals:4 | Noticed Mlioglotl
 36360 | Shoals:3 | Killed Mlioglotl
 36469 | Shoals:4 | magus.rc [v1.9.6]
 36493 | Shoals:4 | Found Bipaol's Jewellery Shop.
 36652 | Shoals:4 | Got a barnacled rune of Zot
 36757 | Shoals:4 | Reached skill level 14 in Invocations
 36909 | Shoals:4 | You pick up a book of Dreams and begin reading...
 36909 | Shoals:4 | You add the spells Ensorcelled Hibernation, Spider Form and
                  | Anguish to your library.
 37236 | Shoals:4 | Identified the +5 plate armour of Casetz {Str+4}
 37461 | Shoals:4 | Identified a +2 robe of the Archmagi
 37579 | Shoals:4 | You add the spells Kiss of Death and Death's Door to your
                  | library.
 37579 | Shoals:4 | Got the Discourse on the Autopsy
 37956 | Vaults:1 | Entered Level 1 of the Vaults
 38095 | Vaults:1 | Reached skill level 16 in Shields
 38232 | Vaults:1 | Reached XP level 20. HP: 131/131 MP: 31/31
 38234 | Vaults:1 | Reached skill level 12 in Armour
 38430 | Vaults:1 | Reached skill level 9 in Stealth
 38653 | Vaults:1 | Reached skill level 10 in Stealth
 38870 | Vaults:1 | Reached skill level 11 in Stealth
 38894 | Vaults:1 | Identified the +7 scimitar "Zewn" {freeze, rPois Str+2
                  | SInv}
 39312 | Vaults:2 | magus.rc [v1.9.6]
 39312 | Vaults:2 | magus.rc [v1.9.6]
 39362 | Vaults:2 | Found Pestribo's Distillery.
 39373 | Vaults:2 | Bought a potion of might for 64 gold pieces
 39373 | Vaults:2 | Bought a potion of resistance for 160 gold pieces
 39373 | Vaults:2 | Bought a potion of curing for 48 gold pieces
 39481 | Vaults:2 | Reached skill level 12 in Stealth
 40014 | Vaults:2 | Noticed Sojobo
 40025 | Vaults:2 | Killed Sojobo
 40028 | Vaults:2 | Found a portal to a secret trove of treasure.
 40039 | Vaults:2 | This trove needs 18 scrolls of teleportation to function.
                  | Give it the items?
 40140 | Vaults:2 | Reached skill level 19 in Dodging
 40723 | Vaults:3 | Found a crumbling gateway.
 40731 | Desolati | Entered the Desolation of Salt
 40801 | Desolati | Reached skill level 20 in Dodging
 41049 | Desolati | Identified the +5 morningstar of Absolution {flame, +Blink
                  | Str+4}
 41054 | Desolati | Identified the amulet "Uhasal" {Spirit +Blink Str+7 Slay-5}
 41201 | Desolati | Reached XP level 21. HP: 136/136 MP: 32/32
 41225 | Desolati | You add the spells Statue Form and Necromutation to your
                  | library.
 41225 | Desolati | Got the Textbook on the Variable Tropics
 41227 | Desolati | You add the spells Shock, Kindle Blastsparks, Airstrike and
                  | Lightning Bolt to your library.
 41227 | Desolati | Got the Directory of Air
 41235 | Desolati | Identified the amulet "Bump" {Spirit rPois Will++}
 41389 | Desolati | You pick up a book of Maledictions and begin reading...
 41815 | Vaults:3 | Reached skill level 17 in Fighting
 42051 | Vaults:3 | Identified the +5 scale mail of the Saviour {rN+}
 42100 | Vaults:3 | Found a staircase to the Crypt.
 42429 | Vaults:3 | Reached skill level 18 in Fighting
 42557 | Vaults:3 | You are sucked into a shaft and drop 1 floor!
 43168 | Vaults:4 | Reached skill level 19 in Fighting
 44192 | Vaults:4 | Reached XP level 22. HP: 131/152 MP: 29/33
 44204 | Vaults:4 | Reached skill level 20 in Fighting
 44593 | Depths:1 | Entered Level 1 of the Depths
 44593 | Depths:1 | Found Wifaud's Magic Scroll Emporium.
 45081 | Depths:1 | Found Liziphug's Jewellery Shop.
 45083 | Depths:1 | Found Xeka Higg's Book Boutique.
 45085 | Depths:1 | Found Ubleyfri's Jewellery Shop.
 45097 | Depths:1 | Bought the ring "Nycelif" {rPois rN++ MP+9 Int-4 SInv} for
                  | 522 gold pieces
 45107 | Depths:1 | Bought the ring "Cigyal" {rF+ Dex+3} for 459 gold pieces
 45298 | Depths:1 | You add the spells Vhi's Electric Charge, Arcjolt and
                  | Maxwell's Capacitive Coupling to your library.
 45438 | Depths:1 | Found a gateway to Hell.
 45449 | Depths:1 | Reached skill level 15 in Short Blades
 46186 | Elf:1    | Entered Level 1 of the Elven Halls
 46186 | Elf:1    | Found a runed translucent gate.
 46186 | Elf:1    | Found a runed translucent gate.
 46186 | Elf:1    | Found a runed translucent gate.
 46186 | Elf:1    | Found a runed translucent gate.
 46186 | Elf:1    | Found a runed translucent gate.
 46186 | Elf:1    | Found a runed translucent gate.
 46187 | Elf:1    | Found a runed translucent door.
 46204 | Elf:1    | Identified the +10 scimitar "Yhokeid" {freeze, *Rage rElec
                  | Dex+8}
 46216 | Elf:1    | Found a runed translucent door.
 46432 | Elf:1    | Acquired the +6 tower shield "Qenev" {MP+9 Dex+2}
 46673 | Elf:1    | Paralysed by an air elemental for 1 turns
 46778 | Elf:1    | You add the spells Conjure Ball Lightning and Chain
                  | Lightning to your library.
 46778 | Elf:1    | Got the Almanac of the First Beds
 46892 | Elf:1    | You add the spells Freeze and Passwall to your library.
 46892 | Elf:1    | Got the Secrets of Hypothermia and Reconstruction
 46985 | Elf:1    | You are sucked into a shaft and drop 1 floor!
 47183 | Elf:1    | Reached skill level 17 in Shields
 47563 | Elf:2    | Noticed Azrael
 47577 | Elf:2    | Killed Azrael
 47653 | Elf:2    | Found a runed translucent door.
 47705 | Elf:2    | Found a basalt altar of Yredelemnul.
 48070 | Elf:2    | Found a huge runed translucent gate.
 48071 | Elf:2    | Found a huge runed translucent gate.
 48071 | Elf:2    | Found a huge runed translucent gate.
 48072 | Elf:2    | Found a huge runed translucent gate.
 48259 | Elf:2    | Found a huge runed translucent gate.
 48782 | Elf:2    | Reached skill level 18 in Shields
 48960 | Elf:2    | b - a +2 quick blade of flaming {shortrare=g}
 48962 | Elf:2    | your +2 quick blade of flaming {shortrare=g} crackles with
                  | electricity.
 48962 | Elf:2    | b - a +2 quick blade of electrocution {shortrare=g}
 48963 | Elf:2    | your +2 quick blade of electrocution {shortrare=g} glows
                  | red for a moment.
 48964 | Elf:2    | your +3 quick blade of electrocution {shortrare=g} glows
                  | red for a moment.
 48965 | Elf:2    | your +4 quick blade of electrocution {shortrare=g} glows
                  | red for a moment.
 48966 | Elf:2    | b - a +5 quick blade of electrocution (weapon)
                  | {shortrare=g}
 49224 | D:11     | Bought a scroll of enchant weapon for 112 gold pieces
 49224 | D:11     | your +5 quick blade of electrocution {shortrare=g} glows
                  | red for a moment.
 49225 | D:11     | b - a +6 quick blade of electrocution (weapon)
                  | {shortrare=g}
 49225 | D:11     | a - a +6 quick blade of electrocution (weapon)
                  | {shortrare=g}
 49355 | Elf:3    | Entered Level 3 of the Elven Halls
 49413 | Elf:3    | Found a frozen archway.
 49476 | Elf:3    | Reached XP level 23. HP: 144/156 MP: 34/34
 49520 | Elf:3    | Found Vura's Book Shop.
 49541 | IceCv    | Entered an ice cave
 49821 | IceCv    | You pick up a book of the Tundra and begin reading...
 50015 | Elf:3    | Identified the +6 battleaxe of Ru, Lusting {flame, Int+4}
 50025 | Elf:3    | Reached skill level 19 in Shields
 50201 | Elf:3    | Your damage rating with your +6 quick blade of
                  | electrocution {shortrare=g} is about 17 (Base 4 x 160%
                  | (Dex) x 173% (Skill) + 6 (Ench)).
 50534 | Elf:3    | Identified the +4 ring mail of the Game Afoot {Harm}
 50624 | Elf:3    | Reached skill level 20 in Shields
 50719 | Elf:3    | Identified the +2 robe of Qianes {Slay+3}
 50914 | Elf:3    | Identified the ring "Ynakkuku" {*Corrode Will+ Str+6 Int+4}
 50933 | Elf:3    | Got the Almanac of Freezing
 50938 | Elf:3    | You add the spells Cigotuvi's Dreadful Rot and Silence to
                  | your library.
 50938 | Elf:3    | Got the Atlas of Exhalation
 50940 | Elf:3    | Got the Compilation of the Sky
 50945 | Elf:3    | You pick up a book of the Dragon and begin reading...
 50945 | Elf:3    | You add the spells Cause Fear, Dragon Form and Dragon's
                  | Call to your library.
 51136 | Elf:3    | Identified the +7 dire flail "Ypeivus" {antimagic, Contam
                  | rF+ rCorr}
 51880 | Depths:2 | Your damage rating with your +6 quick blade of
                  | electrocution {shortrare=g} is about 17 (Base 4 x 160%
                  | (Dex) x 173% (Skill) + 6 (Ench)).
 51908 | Depths:2 | Found a one-way gate leading to the halls of Pandemonium.
 51982 | Depths:2 | Reached skill level 21 in Shields
 52036 | Depths:2 | Found a one-way gate to the infinite horrors of the Abyss.
 52225 | Depths:2 | Found Zokibuc's Assorted Antiques.
 52304 | Depths:2 | Found Kuoluix's Armour Emporium.
 52312 | Depths:2 | Bought the +0 pair of gloves of the Wasteland {rC++ rN+++
                  | Str-4 Int-5} for 373 gold pieces
 52403 | Depths:2 | Noticed a curse skull
 52410 | Depths:2 | Killed a curse skull
 52449 | Depths:2 | Found a runed door.
 52738 | Depths:2 | Noticed a dread lich
 53019 | Depths:2 | Killed a dread lich
 53036 | Depths:2 | Identified the ring "Quckacijo" {rC+ Dex+4}
 53050 | Depths:2 | Reached skill level 22 in Shields
 53113 | Depths:2 | You pick up a book of the Tundra and begin reading...
 53114 | Depths:2 | Identified the +1 hat "Doxov" {-Cast rPois rN++}
 53196 | Depths:3 | Reached XP level 24. HP: 163/163 MP: 34/34
 53237 | Depths:3 | Your damage rating with your +6 quick blade of
                  | electrocution {shortrare=g} is about 18 (Base 4 x 175%
                  | (Dex) x 173% (Skill) + 6 (Ench)).
 53464 | Depths:3 | Reached skill level 14 in Evocations
 53636 | Depths:3 | You pick up a book of Alchemy and begin reading...
 53643 | Depths:3 | You pick up a book of the Moon and begin reading...
 53852 | Depths:3 | Found an iron altar of Okawaru.
 54118 | Depths:3 | Noticed the Enchantress
 54118 | Depths:3 | The spriggan defender is wielding a +1 demon whip of
                  | electrocution. The Enchantress is wielding a +5 flail of
                  | distortion, wearing the +7 faerie dragon scales {Rampage
                  | rCorr HP+5 Int-2 Dex+4} and wearing a +0 buckler of
                  | protection.
 54119 | Depths:3 | Here: the Enchantress, wielding a +5 flail of distortion,
                  | wearing the +7 faerie dragon scales {Rampage rCorr HP+5
                  | Int-2 Dex+4} and wearing a +0 buckler of protection
                  | (wandering, repelling missiles, hasn't noticed you)
 54135 | Depths:3 | Reached skill level 15 in Evocations
 54219 | Depths:3 | Aim: the Enchantress, wielding a +5 flail of distortion,
                  | wearing the +7 faerie dragon scales {Rampage rCorr HP+5
                  | Int-2 Dex+4} and wearing a +0 buckler of protection
                  | (freezing vapour, lightly wounded, fast, repelling
                  | missiles)
 54219 | Depths:3 | Aim: the Enchantress, wielding a +5 flail of distortion,
                  | wearing the +7 faerie dragon scales {Rampage rCorr HP+5
                  | Int-2 Dex+4} and wearing a +0 buckler of protection
                  | (freezing vapour, lightly wounded, fast, repelling
                  | missiles)
 54228 | Depths:3 | Killed the Enchantress
 54343 | Depths:3 | Identified the +11 mace "Xikh" {elec, Str+4}
 54395 | Depths:4 | Entered Level 4 of the Depths
 54425 | Depths:4 | +0 storm dragon scales {rare}; a storm dragon corpse
 54438 | Depths:4 | Found a gate to the Realm of Zot.
 54448 | Depths:4 | Noticed Vv
 54467 | Depths:4 | Noticed Frederick
 54578 | Depths:4 | Reached skill level 16 in Evocations
 54663 | Depths:4 | Found Xiwkaross's CLEARANCE SALE!.
 54743 | Depths:4 | Found a one-way gateway to a ziggurat.
 54786 | Depths:4 | Found a flickering gateway to a bazaar.
 54796 | Bazaar   | Entered a bazaar
 54798 | Bazaar   | Found Gighid's Book Shoppe.
 54808 | Bazaar   | Found Lostroxabo's Antique Armour Boutique.
 54816 | Bazaar   | Found Tuad's Antique Armour Emporium.
 54817 | Bazaar   | Found Ymacohuz's Distillery.
 54833 | Bazaar   | Found Ceess's Book Emporium.
 54851 | Bazaar   | Bought a potion of heal wounds for 45 gold pieces
 54851 | Bazaar   | Bought 2 potions of heal wounds for 90 gold pieces
 54940 | Depths:4 | Killed Vv
 54964 | Depths:4 | Killed Frederick
 55093 | Depths:4 | Could not pick up +0 storm dragon scales {rare} here;
                  | ([A]lways) ignore it?
 55228 | Depths:4 | Identified the +1 helmet of Bypliy {rF+ rC- Str+2 Int+4}
 55572 | Depths:4 | Reached skill level 21 in Fighting
 55577 | Depths:4 | Found a bloodstained altar of Trog.
 56140 | Vaults:4 | magus.rc [v1.9.6]
 56141 | Vaults:4 | magus.rc [v1.9.6]
 56143 | Vaults:5 | Entered Level 5 of the Vaults
 56236 | Vaults:5 | Noticed an ancient lich
 56259 | Vaults:5 | Killed an ancient lich
 56260 | Vaults:5 | Reached skill level 21 in Dodging
 56321 | Vaults:5 | Identified a +2 robe of the Archmagi
 56365 | Vaults:5 | Noticed a dread lich
 56367 | Vaults:5 | Killed a dread lich
 56367 | Vaults:5 | Noticed a dread lich
 56368 | Vaults:5 | Reached XP level 25. HP: 171/171 MP: 34/34
 56409 | Vaults:5 | Got a silver rune of Zot
 56419 | Vaults:5 | You pick up a book of the Dragon and begin reading...
 56575 | Vaults:5 | Identified +0 gold dragon scales
 56685 | Vaults:5 | Reached skill level 22 in Dodging
 56973 | Vaults:5 | You pick up a book of the Wilderness and begin reading...
 56973 | Vaults:5 | You add the spells Summon Mana Viper and Summon Cactus
                  | Giant to your library.
 57043 | Vaults:5 | Reached skill level 23 in Dodging
 57061 | Vaults:5 | Identified the ring "Tueleske" {rElec rN+ Int+7 Dex-4}
 57196 | Vaults:5 | Killed a dread lich
 57853 | Zot:1    | Entered Level 1 of the Realm of Zot
 57886 | Zot:1    | Reached skill level 24 in Dodging
 57933 | Zot:1    | Reached skill level 1 in Long Blades
 57975 | Zot:1    | Noticed an electric golem
 58072 | Zot:2    | Reached skill level 2 in Long Blades
 58076 | Zot:2    | Reached skill level 3 in Long Blades
 58136 | Zot:2    | Reached skill level 4 in Long Blades
 58174 | Zot:2    | Reached skill level 5 in Long Blades
 58275 | Zot:3    | Noticed an orb of fire
 58288 | Zot:5    | Entered Level 5 of the Realm of Zot
 58528 | Zot:5    | Noticed a curse toe
 58566 | Zot:5    | magus.rc [v1.9.6]
 58612 | Zot:5    | Killed a curse toe
 58615 | Zot:5    | HP: 42/176 [poisoned by a curse toe (dark miasma)]
 58621 | Zot:5    | HP: 36/176 [poisoned by a curse toe (dark miasma)]
 59002 | Zot:5    | Noticed a dread lich
 59009 | Zot:5    | Noticed an orb of fire
 59016 | Zot:5    | Noticed an orb of fire
 59017 | Zot:5    | Noticed a Killer Klown
 59020 | Zot:5    | Noticed an orb of fire
 59027 | Zot:5    | Noticed a Killer Klown
 59031 | Zot:5    | Noticed a Killer Klown
 59032 | Zot:5    | Killed an orb of fire
 59034 | Zot:5    | Noticed an ancient lich
 59034 | Zot:5    | Gained mutation: You are clumsy. (Dex -2) [an orb of fire]
 59035 | Zot:5    | Gained mutation: You sometimes lose your temper in combat.
                  | [an orb of fire]
 59037 | Zot:5    | Gained mutation: You have hidden genetic defects. [an orb
                  | of fire]
 59049 | Zot:5    | Killed a Killer Klown
 59050 | Zot:5    | Reached XP level 26. HP: 126/179 MP: 25/34
 59088 | Zot:5    | Killed an orb of fire
 59212 | Zot:5    | Noticed a Killer Klown
 59221 | Zot:5    | Killed a Killer Klown
 59222 | Zot:5    | Reached skill level 22 in Fighting
 59222 | Zot:5    | Killed an orb of fire
 59224 | Zot:5    | Identified +0 gold dragon scales
 59226 | Zot:5    | +0 storm dragon scales {rare}; a storm dragon corpse
 59244 | Zot:5    | Killed a Killer Klown
 59511 | Zot:5    | Killed a Killer Klown
 59516 | Zot:5    | v - +0 gold dragon scales {rare}
 59516 | Zot:5    | Gained mutation: You are frail. (-10% HP) [hidden defects]
 59522 | Zot:5    | Lost mutation: You are clumsy. (Dex -2) [potion of
                  | mutation]
 59522 | Zot:5    | Lost mutation: You sometimes lose your temper in combat.
                  | [potion of mutation]
 59522 | Zot:5    | Lost mutation: A frigid envelope surrounds you and freezes
                  | all who hurt you. [potion of mutation]
 59522 | Zot:5    | Gained mutation: You possess an exceptional clarity of
                  | mind. [potion of mutation]
 59522 | Zot:5    | Gained mutation: Your muscles are strong. (Str +4, Int/Dex
                  | -1) [potion of mutation]
 59522 | Zot:5    | Gained mutation: You are partially covered in iridescent
                  | scales. (AC +2) [potion of mutation]
 59523 | Zot:5    | Lost mutation: You possess an exceptional clarity of mind.
                  | [potion of mutation]
 59523 | Zot:5    | Lost mutation: Your muscles are strong. (Str +4, Int/Dex
                  | -1) [potion of mutation]
 59523 | Zot:5    | Lost mutation: You are partially covered in iridescent
                  | scales. (AC +2) [potion of mutation]
 59523 | Zot:5    | Gained mutation: Your system is resistant to poisons.
                  | (rPois) [potion of mutation]
 59523 | Zot:5    | Gained mutation: You do not regenerate when monsters are
                  | visible. [potion of mutation]
 59523 | Zot:5    | Gained mutation: You are agile. (Dex +4, Str/Int -1)
                  | [potion of mutation]
 59523 | Zot:5    | Gained mutation: Your flesh is heat resistant. (rF+)
                  | [potion of mutation]
 59524 | Zot:5    | Lost mutation: You are frail. (-10% HP) [potion of
                  | mutation]
 59524 | Zot:5    | Lost mutation: You do not regenerate when monsters are
                  | visible. [potion of mutation]
 59524 | Zot:5    | Lost mutation: You have hidden genetic defects. [potion of
                  | mutation]
 59524 | Zot:5    | Gained mutation: Your spells are a little harder to cast,
                  | but a little more powerful. [potion of mutation]
 59597 | Zot:5    | Killed an ancient lich
 59643 | Zot:5    | Paralysed by a Zot trap for 4 turns
 59650 | Zot:5    | Noticed an ancient lich
 59670 | Zot:5    | Killed a dread lich
 59672 | Zot:5    | Killed an ancient lich
 59673 | Zot:5    | Reached skill level 23 in Fighting
 59686 | Zot:5    | Noticed an ancient lich
 59699 | Zot:5    | Killed an ancient lich
 59708 | Zot:5    | Noticed an electric golem
 59739 | Zot:5    | Killed an electric golem
 59791 | Zot:5    | Got the Orb of Zot
 59835 | Zot:5    | Gained mutation: You are resistant to electric shocks.
                  | (rElec) [mutagenic glow]
 59843 | Zot:5    | a +9 club of flaming {mace}; +0 storm dragon scales {rare};
                  | a Killer Klown corpse
 59856 | Zot:5    | Lost mutation: Your flesh is heat resistant. (rF+)
                  | [mutagenic glow]
 59856 | Zot:5    | Gained mutation: You are vulnerable to heat. (rF-)
                  | [mutagenic glow]
 60072 | D:15     | Noticed Ucinny the pandemonium lord
 60384 | D:3      | Lost mutation: You are resistant to electric shocks.
                  | (rElec) [a cacodemon]
 60459 | D:$      | Escaped with the Orb!

Vanquished Creatures
  4 dread liches
  4 ancient liches
  3 orbs of fire (Zot:5)
  Sojobo (Vaults:2)
  Frederick (Depths:4)
  4 Killer Klowns (Zot:5)
  A curse toe (Zot:5)
  2 golden dragons
  the Enchantress (Depths:3)
  A bone dragon (Depths:4)
  An electric golem (Zot:5)
  8 tentacled monstrosities
  Mlioglotl (Shoals:3)
  A walking frostbound tome (Depths:3)
  4 deep elf master archers (Elf:3)
  23 Orb Guardians (Zot:5)
  4 deep elf blademasters (Elf:3)
  2 quicksilver dragons
  Asterion (Snake:2)
  3 death cobs
  A tentacled starspawn (Abyss:3)
  Frances (Shoals:1)
  Gastronok (Lair:1)
  8 tengu reavers
  10 sphinxes
  3 shadow dragons
  2 krakens
  9 storm dragons
  Kirke (Shoals:3)
  8 fire giants
  2 draconian monks
  7 deep elf sorcerers
  A draconian knight (Zot:5)
  An iron dragon (Depths:4)
  6 nagarajas
  14 vault wardens
  10 frost giants
  Louise (Snake:1)
  2 imperial myrmidons (Desolation)
  A draconian scorcher (Depths:4)
  A curse skull (Depths:2)
  4 draconian shifters
  Aizul (Snake:1)
  3 deep elf elementalists
  4 draconian annihilators
  An orc warlord (Vaults:4)
  16 ironbound preservers
  2 reapers (IceCv)
  A demonspawn corrupter (D:7)
  3 war gargoyles
  5 ironbound thunderhulks
  5 spriggan defenders (Depths:3)
  16 stone giants
  22 very ugly things
  4 eleionomae (Depths:3)
  5 black draconians
  10 deep elf annihilators
  A minotaur (Gauntlet)
  4 green draconians
  6 deep elf demonologists
  4 dire elephants
  A yellow draconian (Zot:5)
  3 purple draconians
  2 halazid warlocks (Desolation)
  Azrael (Elf:2)
  7 deep elf death magi
  Snorg (D:13)
  11 ettins
  2 white draconians
  A green death (Depths:1)
  A red draconian (Zot:5)
  A blizzard demon (Depths:3)
  A crystal guardian (Desolation)
  Josephine (Shoals:1)
  8 fire dragons
  9 merfolk impalers
  3 jiangshi (Depths:3)
  6 merfolk javelineers
  2 ragged hierophants (Desolation)
  4 servants of whispers (Desolation)
  5 deep elf high priests
  13 yaktaur captains
  36 vault guards
  Fannar (Orc:1)
  6 hydras
  4 entropy weavers
  4 great orbs of eyes
  2 rakshasas
  A hell beast (D:15)
  5 peacekeepers
  6 salamander tyrants (Snake:4)
  6 ice dragons
  6 ironbound frosthearts
  5 ogre magi
  3 merfolk aquamancers
  5 boulder beetles
  4 merfolk avatars
  13 anacondas
  5 naga warriors
  7 satyrs
  5 spriggan air magi
  3 death yaks (Lair:5)
  3 alligator snapping turtles (Shoals:4)
  12 centaur warriors
  A death yak (shapeshifter) (Vaults:5)
  A death knight (D:11)
  A catoblepas (Lair:1)
  5 deep troll shamans
  5 tengu warriors
  27 dancing weapons
  3 thrashing horrors
  15 two-headed ogres
  5 spriggan berserkers (Depths:3)
  5 deep troll earth magi
  14 naga sharpshooters
  4 sun demons (Shoals:2)
  4 vampire magi
  3 starcursed masses
  6 shock serpents
  9 orc high priests (Orc:2)
  10 soul eaters
  Nergalle (Lair:1)
  6 hell knights
  32 deep elf knights
  A wretched star (Abyss:3)
  2 iron trolls (Depths:4)
  11 skeletal warriors
  3 salamander mystics (Snake:4)
  2 flayed ghosts
  14 sea snakes
  A glowing orange brain (shapeshifter) (Vaults:5)
  55 deep trolls
  A shadow demon (D:7)
  4 glowing orange brains
  10 naga ritualists
  A golden dragon zombie (Depths:1)
  A sun moth (Shoals:2)
  A bog body (IceCv)
  7 wizards
  Pikel (D:8)
  8 lindwurms
  3 obsidian statues
  3 phantasmal warriors (Vaults:5)
  20 harpies
  10 deep elf archers
  20 ironbound convokers
  A shadow dragon zombie (Depths:1)
  11 orc knights
  41 deep elf zephyrmancers
  A spriggan simulacrum (IceCv)
  A steelbarb worm (shapeshifter) (Depths:2)
  A mana viper (shapeshifter) (Depths:1)
  10 necromancers
  37 deep elf pyromancers
  12 mana vipers
  A glowing shapeshifter (Vaults:5)
  29 ugly things
  3 orc sorcerers
  3 large abominations
  24 manticores
  14 fauns
  7 moths of wrath
  3 guardian serpents
  6 salamanders
  14 cyclopes
  8 elephants
  A stone giant zombie (Depths:1)
  A human skeleton (Vaults:2)
  An eye of devastation (Abyss:2)
  16 vault sentinels
  42 black mambas
  A demonic crawler (Lair:3)
  2 merfolk sirens
  6 centaur zombies
  3 gargoyles
  14 naga magi
  Maurice (D:9)
  A rust devil (Abyss:2)
  An orange demon (Abyss:2)
  6 water nymphs
  A guardian serpent (shapeshifter) (Vaults:5)
  11 cane toads
  An unseen horror (D:12)
  3 smoke demons
  Maggie (D:8)
  2 efreet (D:14)
  A komodo dragon (shapeshifter) (D:13)
  A hellion (Abyss:3)
  2 golden dragon simulacra (IceCv)
  A centaur skeleton (D:15)
  An anaconda simulacrum (IceCv)
  2 kobold demonologists
  7 tengu conjurers
  3 rime drakes
  33 yaktaurs
  7 freezing wraiths
  13 komodo dragons
  2 ancient zymes
  35 merfolk
  A red devil (D:15)
  12 trolls
  2 yaktaur skeletons (Vaults:2)
  A silent spectre (Depths:2)
  A troll (shapeshifter) (Vaults:5)
  A polar bear (shapeshifter) (Depths:3)
  6 wind drakes
  4 polar bears
  A raiju (shapeshifter) (D:8)
  40 blink frogs
  26 saltlings (Desolation)
  8 dream sheep
  12 hornets
  11 snapping turtles
  A raiju (Abyss:2)
  A human simulacrum (Vaults:4)
  A meliai zombie (D:15)
  A jumping spider (Vaults:1)
  49 slime creatures
  2 ettin skeletons (Vaults:2)
  A centaur simulacrum (D:15)
  10 spriggans (Depths:3)
  12 water elementals
  38 yaks
  A culicivora (Vaults:1)
  A ynoxinul (Depths:3)
  3 air elementals
  A human (shapeshifter) (Depths:3)
  10 wraiths
  6 vampires
  4 shadows
  5 steam dragons
  7 wyverns
  5 basilisks
  7 hogs (Shoals:3)
  A human (Depths:2)
  A golden eye (Abyss:2)
  A golden eye (shapeshifter) (D:14)
  3 fire elementals
  A redback (shapeshifter) (Elf:1)
  A chaos spawn (Depths:3)
  7 redbacks
  A neqoxec (Depths:2)
  2 minotaur simulacra (IceCv)
  19 vampire mosquitoes
  6 wargs
  2 swamp worms (Lair:3)
  5 acid dragons
  59 nagas
  A two-headed ogre zombie (D:12)
  14 water moccasins
  3 hell hounds (Elf:2)
  Duvessa (D:4)
  A black bear (shapeshifter) (Vaults:5)
  26 orc warriors
  A meliai simulacrum (D:12)
  2 ice beasts
  A boggart (Gauntlet)
  A small abomination (Abyss:2)
  An alligator simulacrum (IceCv)
  11 ogres
  31 wolves
  9 centaurs
  3 phantoms (D:12)
  A lemure (D:8)
  2 kobold brigands
  Blork the orc (D:4)
  12 bullfrogs
  2 earth elementals
  5 scorpions
  2 gnoll sergeants
  A glowing shapeshifter simulacrum (Vaults:4)
  7 wights
  A troll zombie (D:12)
  Dowan (D:4)
  7 killer bees
  A lindwurm simulacrum (IceCv)
  An electric eel (Snake:4)
  3 howler monkeys
  4 crimson imps
  8 hounds
  35 orc priests
  4 jellies
  3 gnoll boudas
  6 iguanas
  2 hell rats (Lair:2)
  Natasha (thrice) (D:4)
  14 orc wizards
  6 ogre zombies (D:12)
  10 gnolls
  7 adders
  7 river rats (Lair:2)
  4 shadow imps (D:4)
  3 white imps
  3 ufetubi
  A worm (D:2)
  3 dart slugs
  84 orcs
  4 bats
  10 endoplasms
  A giant cockroach (D:3)
  8 goblins
  8 hobgoblins
  4 jackals (D:5)
  A quokka (D:3)
  12 ball pythons
  2 frilled lizards (D:1)
  2 goblin skeletons (D:12)
  3 goblin zombies (D:12)
  2 hobgoblin skeletons (D:12)
  A hobgoblin zombie (D:12)
  12 kobolds
  5 orc skeletons (D:12)
  12 orc zombies (D:12)
  4 rats
  A pillar of salt (Vaults:3)
2141 creatures vanquished.

Vanquished Creatures (collateral kills)
  Vv (Depths:4)
  Agnes (D:14)
  A juggernaut skeleton (Depths:1)
  A green draconian (Depths:4)
  A vampire knight (Depths:4)
  A naga sharpshooter (Snake:4)
  A vault sentinel (Vaults:1)
  A gargoyle (D:7)
  A sphinx simulacrum (Depths:1)
  A blink frog (Lair:5)
  A centaur simulacrum (D:11)
  A yak (D:7)
  2 nagas
  An orc warrior (Vaults:1)
  A kobold brigand (D:11)
  A lemure (D:8)
  4 orc priests
  3 orcs
24 creatures vanquished.

Vanquished Creatures (others)
  A fire giant (Depths:2)
  A draconian knight (Zot:5)
  A rakshasa (Depths:1)
  An ogre mage (Vaults:5)
  A deep elf knight (Elf:2)
  2 deep elf zephyrmancers (Elf:3)
  An ironbound convoker (Vaults:2)
  A vault sentinel (Vaults:4)
  A golden eye (Abyss:2)
  A lemure (D:8)
  7 demonic plants (D:4)
  37 fungi
  2 pillars of salt (Vaults:3)
  148 plants
  4 starspawn tentacles (Abyss:3)
  8 tentacles
  3 withered plants
220 creatures vanquished.

Grand Total: 2385 creatures vanquished

Table legend:
 A = Non-vault XP
 B = Vault XP
 C = Vault XP percentage of total XP
 D = Non-vault monster count
 E = Vault monster count
 F = Vault count percentage of total count
                 A         B        C        D         E       F
            +---------+---------+-------+---------+---------+-------
      Total |  582363 |  609640 |  51.1 |    1249 |     914 |  42.3
            +---------+---------+-------+---------+---------+-------
        D:1 |      47 |       0 |   0.0 |      26 |       0 |   0.0
        D:2 |      14 |       0 |   0.0 |       6 |       0 |   0.0
        D:3 |     150 |       0 |   0.0 |      20 |       0 |   0.0
        D:4 |     498 |     454 |  47.7 |      29 |       8 |  21.6
        D:5 |     557 |     218 |  28.1 |      18 |       7 |  28.0
        D:6 |     558 |       0 |   0.0 |      10 |       0 |   0.0
        D:7 |    1428 |    1829 |  56.2 |      33 |      10 |  23.3
        D:8 |    1097 |    3760 |  77.4 |      22 |      18 |  45.0
        D:9 |    1207 |     439 |  26.7 |      16 |       1 |   5.9
       D:10 |    4896 |       0 |   0.0 |      18 |       0 |   0.0
       D:11 |    2980 |    3017 |  50.3 |      17 |       9 |  34.6
       D:12 |    7956 |   20236 |  71.8 |      24 |      69 |  74.2
       D:13 |    6797 |    7998 |  54.1 |      21 |       9 |  30.0
       D:14 |    4498 |    9671 |  68.3 |      11 |      17 |  60.7
       D:15 |    8908 |    4828 |  35.1 |      21 |      10 |  32.3
     Lair:1 |    9142 |    2609 |  22.2 |      39 |       3 |   7.1
     Lair:2 |    9273 |     160 |   1.7 |      35 |      10 |  22.2
     Lair:3 |    9629 |    1446 |  13.1 |      29 |       7 |  19.4
     Lair:4 |    5973 |     138 |   2.3 |      22 |       6 |  21.4
     Lair:5 |   13244 |    8898 |  40.2 |      37 |      22 |  37.3
   Shoals:1 |   11346 |    3465 |  23.4 |      28 |       7 |  20.0
   Shoals:2 |   21638 |    3852 |  15.1 |      38 |       5 |  11.6
   Shoals:3 |   16881 |    4535 |  21.2 |      34 |       9 |  20.9
   Shoals:4 |   11586 |   18143 |  61.0 |      25 |      32 |  56.1
    Snake:1 |   19316 |    2395 |  11.0 |      46 |       2 |   4.2
    Snake:2 |   20823 |    1621 |   7.2 |      40 |       1 |   2.4
    Snake:3 |   14008 |       0 |   0.0 |      28 |       0 |   0.0
    Snake:4 |   19462 |   24136 |  55.4 |      38 |      42 |  52.5
      Orc:1 |    2776 |     881 |  24.1 |      21 |       1 |   4.5
      Orc:2 |    3736 |    8583 |  69.7 |       7 |      50 |  87.7
      Elf:1 |   25749 |    7891 |  23.5 |      43 |      13 |  23.2
      Elf:2 |   14639 |   27836 |  65.5 |      23 |      40 |  63.5
      Elf:3 |   27767 |   37033 |  57.1 |      44 |      34 |  43.6
   Vaults:1 |   23918 |   18203 |  43.2 |      34 |      60 |  63.8
   Vaults:2 |   23013 |   30448 |  57.0 |      38 |      36 |  48.6
   Vaults:3 |   32802 |    3035 |   8.5 |      47 |       4 |   7.8
   Vaults:4 |   28142 |   27744 |  49.6 |      42 |      58 |  58.0
   Vaults:5 |   18600 |   95856 |  83.7 |      32 |      83 |  72.2
   Depths:1 |   23132 |       0 |   0.0 |      30 |       0 |   0.0
   Depths:2 |   30448 |   28524 |  48.4 |      35 |      29 |  45.3
   Depths:3 |   23336 |   37065 |  61.4 |      33 |      49 |  59.8
   Depths:4 |   34094 |   18307 |  34.9 |      37 |      12 |  24.5
      Zot:1 |       0 |    4899 | 100.0 |       0 |       4 | 100.0
      Zot:2 |    6664 |   11533 |  63.4 |       7 |      10 |  58.8
      Zot:3 |    4387 |       0 |   0.0 |       3 |       0 |   0.0
      Zot:5 |   23778 |   85720 |  78.3 |      19 |      36 |  65.5
    Abyss:2 |    5640 |    1428 |  20.2 |      15 |       4 |  21.1
    Abyss:3 |    5830 |    6741 |  53.6 |       8 |       8 |  50.0
      IceCv |       0 |    7793 | 100.0 |       0 |      17 | 100.0
 Desolation |       0 |   22260 | 100.0 |       0 |      43 | 100.0
   Gauntlet |       0 |    4012 | 100.0 |       0 |      19 | 100.0
            +---------+---------+-------+---------+---------+-------

Illustrated notes

Table legend:
 A = Kills in this place as a percentage of kills in entire the game.
 B = Kills by you in this place as a percentage of kills by you in the entire game.
 C = Kills by friends in this place as a percentage of kills by friends in the entire game.
 D = Other kills in this place as a percentage of other kills in the entire game.
 E = Experience gained in this place as a percentage of experience gained in the entire game.
 F = Experience gained in this place divided by the number of levels of this place that you have seen.
                   A       B       C       D       E      F
               +-------+-------+-------+-------+-------+----------------------
         Total | 100.0 | 100.0 | 100.0 | 100.0 | 100.0 | 22162.4
       Dungeon |  21.0 |  21.0 |  26.1 |   0.0 |   8.2 | 6524.8
          Lair |   9.7 |   9.7 |   4.3 |  20.0 |   5.1 | 12102.4
        Shoals |   8.2 |   8.3 |   0.0 |  10.0 |   7.6 | 22861.5
     Snake Pit |   9.1 |   9.1 |  13.0 |   0.0 |   8.5 | 25440.2
  Orcish Mines |   3.6 |   3.6 |   8.7 |   0.0 |   1.3 | 7988.0
   Elven Halls |   9.1 |   9.1 |   0.0 |  30.0 |  11.8 | 46971.7
        Vaults |  20.0 |  20.0 |  26.1 |  10.0 |  25.2 | 60352.2
        Depths |  10.4 |  10.3 |  21.7 |  20.0 |  16.4 | 48960.8
           Zot |   3.6 |   3.7 |   0.0 |  10.0 |  11.4 | 27396.2
         Abyss |   1.6 |   1.6 |   0.0 |   0.0 |   1.6 | 9819.5
      Ice Cave |   0.8 |   0.8 |   0.0 |   0.0 |   0.7 | 7793.0
    Desolation |   2.0 |   2.0 |   0.0 |   0.0 |   1.9 | 22260.0
      Gauntlet |   0.9 |   0.9 |   0.0 |   0.0 |   0.3 | 4012.0
               +-------+-------+-------+-------+-------+----------------------

Table legend: (Time is in decaauts)
 A = Elapsed time spent in this place.
 B = Non-inter-level travel time spent in this place.
 C = Inter-level travel time spent in this place.
 D = Time resting spent in this place.
 E = Time spent auto-exploring this place.
 F = Levels seen in this place.
 G = Mean time per level.
                   A        B        C        D        E       F      G
               +--------+--------+--------+--------+--------+-----+--------+
         Total |  52035 |  47035 |   5000 |   7927 |  25098 |  54 |  963.6 |
       Dungeon |  15867 |  13421 |   2446 |   1740 |   8106 |  15 | 1057.8 |
        Temple |     77 |     59 |     18 |      0 |     17 |   1 |   77.0 |
          Lair |   6089 |   5497 |    592 |   1402 |   2979 |   5 | 1217.8 |
        Shoals |   4329 |   4143 |    186 |    577 |   2185 |   4 | 1082.2 |
     Snake Pit |   5278 |   5108 |    170 |   1637 |   2311 |   4 | 1319.5 |
  Orcish Mines |   1647 |   1421 |    226 |    175 |    896 |   2 |  823.5 |
   Elven Halls |   4072 |   3775 |    297 |    418 |   2160 |   3 | 1357.3 |
        Vaults |   5799 |   5331 |    468 |    328 |   3264 |   5 | 1159.8 |
        Depths |   4822 |   4309 |    513 |    595 |   2448 |   4 | 1205.5 |
           Zot |   1619 |   1539 |     80 |    617 |    271 |   5 |  323.8 |
         Abyss |    805 |    805 |      0 |    122 |      8 |   2 |  402.5 |
        Bazaar |     56 |     56 |      0 |      0 |     24 |   1 |   56.0 |
      Ice Cave |    278 |    278 |      0 |      9 |     37 |   1 |  278.0 |
    Desolation |    896 |    896 |      0 |    286 |    277 |   1 |  896.0 |
      Gauntlet |    395 |    395 |      0 |     17 |    110 |   1 |  395.0 |
               +--------+--------+--------+--------+--------+-----+--------+

Top non-repeatable levels by time:
 Snake:4: 2014 daAuts
    D:12: 1977 daAuts
  Lair:2: 1534 daAuts
Depths:1: 1482 daAuts
   Elf:2: 1464 daAuts
    D:13: 1463 daAuts
Vaults:4: 1439 daAuts
  Lair:1: 1426 daAuts
    D:15: 1373 daAuts
   Elf:3: 1316 daAuts
     D:3: 1304 daAuts
     D:7: 1295 daAuts
   Elf:1: 1291 daAuts
Vaults:2: 1288 daAuts
   Zot:5: 1286 daAuts
